[ AOE2 MATCH · #475058126 ]
UnrankedLithuanians vs Spanish
Player's team · LOSS
[ REPLAY ANALYSIS · EXTRACTED FROM THE RECORDED GAME ]
Feudal
10:14
Castle
25:55
Imperial
44:32
| APM avg | 42.6 |
| APM peak | 73 |
| eAPM avg | 16.3 |
| Villagers / military | 142 / 187 |
Focus
⚔️ 36.2% · 🌾 63.8%
Spearman ×136 · Archer ×51
Feudal
10:34
Castle
14:15
Imperial
36:00
| APM avg | 46.3 |
| APM peak | 87 |
| eAPM avg | 32.2 |
| Villagers / military | 187 / 164 |
Focus
⚔️ 46.4% · 🌾 53.6%
Archer ×148 · Unknown (2586) ×148 · Trade Cart ×46 · Unknown (2550) ×27 · Trebuchet (Packed) ×11 · Petard ×3
Feudal
11:46
Castle
15:16
Imperial
40:31
| APM avg | 51.9 |
| APM peak | 104 |
| eAPM avg | 21.3 |
| Villagers / military | 117 / 192 |
Focus
⚔️ 39.6% · 🌾 60.4%
Knight ×97 · Scout Cavalry ×69 · Trade Cart ×49 · Conquistador ×21 · Monk ×2 · Petard ×2
Feudal
8:58
Castle
21:26
Imperial
40:43
| APM avg | 47.4 |
| APM peak | 96 |
| eAPM avg | 29.7 |
| Villagers / military | 203 / 107 |
Focus
⚔️ 42.2% · 🌾 57.8%
Archer ×60 · Trade Cart ×44 · Mangonel ×24 · Spearman ×11 · Battering Ram ×8 · Woad Raider ×2
Feudal
11:50
Castle
15:26
Imperial
42:07
| APM avg | 32.2 |
| APM peak | 70 |
| eAPM avg | 14.6 |
| Villagers / military | 151 / 17 |
Focus
⚔️ 38.9% · 🌾 61.1%
Unknown (2579) ×173 · Trade Cart ×27 · Trebuchet (Packed) ×15 · Monk ×2
Feudal
9:54
Castle
25:49
Imperial
46:12
| APM avg | 37.2 |
| APM peak | 97 |
| eAPM avg | 16.4 |
| Villagers / military | 147 / 154 |
Focus
⚔️ 25.4% · 🌾 74.6%
Knight ×106 · Trade Cart ×48 · Scout Cavalry ×46 · Spearman ×2
Feudal
9:22
Castle
32:46
Imperial
45:54
| APM avg | 44.0 |
| APM peak | 117 |
| eAPM avg | 24.6 |
| Villagers / military | 199 / 39 |
Focus
⚔️ 25.0% · 🌾 75.0%
Trade Cart ×63 · Mangonel ×30 · Militia ×6 · Archer ×2 · Spearman ×1
Feudal
9:21
Castle
23:31
Imperial
43:28
| APM avg | 44.6 |
| APM peak | 82 |
| eAPM avg | 22.6 |
| Villagers / military | 177 / 150 |
Focus
⚔️ 27.8% · 🌾 72.2%
Elephant Archer ×107 · Trade Cart ×48 · Scout Cavalry ×27 · Camel Scout ×7 · Shrivamsha Rider ×6 · Monk ×2
Match map
Initial resources + every placement click. Lines = walls · curves = elevation contours. ◆ gold · ⬟ stone · ● berries · ✦ relic · ◌ wall gap
Your base· Open — 2t gap
Timbrhoggvandi's base· Open — unwalled flank
Kiwi's base· Open — unwalled flank
Brotus's base· Open — unwalled flank
TrickyMicky90's base· Open — unwalled flank
Flex's base· Open — unwalled flank
Kaydos's base· Open — unwalled flank
Frédéric Chopin's base· Open — unwalled flank
Smoothed initial terrain · ◌ = detected wall gap · hover for details
Inputs per minute
— [MLT] Spot the Samurai - - Timbrhoggvandi
Build order — [MLT] Spot the Samurai
First 150 of 454 actions detected
| 0:02 | Create | Villager (Male) |
| 0:02 | Create | Villager (Male) |
| 0:02 | Create | Villager (Male) |
| 0:03 | Create | Villager (Male) |
| 0:04 | Build | House |
| 0:05 | Build | House |
| 0:51 | Create | Villager (Male) |
| 0:51 | Create | Villager (Male) |
| 2:19 | Create | Villager (Male) |
| 2:20 | Create | Villager (Male) |
| 2:56 | Build | Lumber Camp |
| 3:27 | Create | Villager (Male) |
| 3:28 | Create | Villager (Male) |
| 3:28 | Create | Villager (Male) |
| 3:39 | Build | House |
| 4:18 | Create | Villager (Male) |
| 4:52 | Create | Villager (Male) |
| 4:52 | Create | Villager (Male) |
| 5:33 | Build | House |
| 5:34 | Build | Mill |
| 5:42 | Create | Villager (Male) |
| 5:43 | Create | Villager (Male) |
| 6:50 | Create | Villager (Male) |
| 6:51 | Create | Villager (Male) |
| 8:04 | Research | Feudal Age |
| 8:05 | Research | Loom |
| 8:12 | Build | Barracks |
| 10:14 | Age | Feudal Age |
| 10:54 | Build | Archery Range |
| 10:57 | Build | Mining Camp |
| 11:11 | Create | Villager (Male) |
| 11:12 | Create | Villager (Male) |
| 11:13 | Create | Villager (Male) |
| 11:31 | Build | Palisade Wall |
| 11:51 | Create | Archer |
| 11:57 | Research | Double-Bit Axe |
| 12:15 | Build | House |
| 12:22 | Create | Archer |
| 12:52 | Create | Archer |
| 13:07 | Build | Blacksmith |
| 13:07 | Create | Villager (Male) |
| 13:08 | Create | Villager (Male) |
| 13:22 | Build | Stone Wall |
| 13:38 | Create | Archer |
| 13:39 | Create | Villager (Male) |
| 13:39 | Create | Villager (Male) |
| 13:47 | Build | Archery Range |
| 13:51 | Create | Archer |
| 14:42 | Create | Archer |
| 14:44 | Research | Fletching |
| 14:55 | Create | Villager (Male) |
| 14:55 | Create | Villager (Male) |
| 15:01 | Create | Archer |
| 15:07 | Build | House |
| 15:16 | Create | Villager (Male) |
| 15:47 | Create | Archer |
| 16:06 | Build | Archery Range |
| 16:09 | Create | Villager (Male) |
| 16:35 | Build | House |
| 16:36 | Build | House |
| 16:38 | Build | House |
| 16:42 | Create | Archer |
| 16:43 | Create | Archer |
| 17:02 | Build | House |
| 17:02 | Build | House |
| 17:09 | Create | Archer |
| 17:10 | Create | Archer |
| 17:55 | Create | Archer |
| 17:56 | Create | Archer |
| 17:57 | Create | Villager (Male) |
| 17:57 | Create | Villager (Male) |
| 17:57 | Create | Villager (Male) |
| 18:07 | Build | Mining Camp |
| 18:37 | Research | Horse Collar |
| 18:42 | Build | House |
| 18:43 | Build | House |
| 18:47 | Build | Farm |
| 18:50 | Build | Farm |
| 19:04 | Create | Archer |
| 19:04 | Create | Archer |
| 19:12 | Create | Villager (Male) |
| 19:17 | Build | Farm |
| 19:24 | Build | Farm |
| 19:47 | Create | Villager (Male) |
| 19:47 | Create | Villager (Male) |
| 19:47 | Create | Villager (Male) |
| 20:18 | Build | Market |
| 20:27 | Build | Market |
| 20:43 | Create | Archer |
| 20:44 | Create | Archer |
| 21:17 | Create | Villager (Male) |
| 21:32 | Build | House |
| 21:33 | Build | House |
| 21:35 | Build | House |
| 23:03 | Build | Stone Wall |
| 23:15 | Research | Castle Age |
| 23:26 | Build | Stone Wall |
| 23:40 | Build | House |
| 23:42 | Build | House |
| 23:44 | Build | House |
| 24:19 | Build | Lumber Camp |
| 25:14 | Build | House |
| 25:37 | Create | Villager (Male) |
| 25:37 | Create | Villager (Male) |
| 25:38 | Create | Villager (Male) |
| 25:53 | Build | Mining Camp |
| 25:55 | Age | Castle Age |
| 26:12 | Create | Villager (Male) |
| 26:13 | Create | Villager (Male) |
| 26:21 | Research | Crossbowman (upgrade) |
| 26:28 | Build | Farm |
| 26:34 | Build | Farm |
| 26:36 | Build | Farm |
| 26:38 | Build | Farm |
| 26:46 | Create | Villager (Male) |
| 27:15 | Create | Villager (Male) |
| 27:25 | Build | Stone Wall |
| 27:28 | Create | Villager (Male) |
| 27:43 | Build | Castle |
| 27:53 | Create | Villager (Male) |
| 27:59 | Build | Farm |
| 28:01 | Build | Farm |
| 28:02 | Build | Farm |
| 28:05 | Build | Farm |
| 28:06 | Build | Farm |
| 28:20 | Create | Archer |
| 28:20 | Create | Archer |
| 28:22 | Create | Archer |
| 28:22 | Create | Archer |
| 28:34 | Research | Bodkin Arrow |
| 28:41 | Build | Farm |
| 29:10 | Create | Villager (Male) |
| 29:10 | Create | Villager (Male) |
| 30:14 | Create | Villager (Male) |
| 30:15 | Create | Villager (Male) |
| 30:22 | Build | Town Center |
| 31:01 | Create | Villager (Male) |
| 31:01 | Create | Villager (Male) |
| 31:05 | Create | Archer |
| 31:05 | Create | Archer |
| 31:06 | Create | Archer |
| 31:06 | Create | Archer |
| 31:47 | Create | Villager (Male) |
| 31:47 | Create | Villager (Male) |
| 31:48 | Create | Villager (Male) |
| 32:37 | Create | Archer |
| 32:37 | Create | Archer |
| 32:38 | Create | Archer |
| 32:38 | Create | Archer |
| 32:38 | Create | Archer |
Build order — Timbrhoggvandi
First 150 of 790 actions detected
| 0:01 | Create | Villager (Male) |
| 0:02 | Create | Villager (Male) |
| 0:02 | Create | Villager (Male) |
| 0:03 | Build | House |
| 0:04 | Build | House |
| 0:13 | Create | Villager (Male) |
| 1:24 | Create | Villager (Male) |
| 1:51 | Create | Villager (Male) |
| 2:29 | Create | Villager (Male) |
| 2:48 | Create | Villager (Male) |
| 2:48 | Create | Villager (Male) |
| 3:00 | Create | Villager (Male) |
| 3:00 | Create | Villager (Male) |
| 3:19 | Build | Settlement |
| 3:31 | Create | Villager (Male) |
| 3:37 | Create | Villager (Male) |
| 3:37 | Create | Villager (Male) |
| 3:48 | Create | Villager (Male) |
| 4:13 | Create | Villager (Male) |
| 4:14 | Create | Villager (Male) |
| 4:53 | Create | Villager (Male) |
| 4:53 | Create | Villager (Male) |
| 5:35 | Build | Settlement |
| 5:47 | Create | Villager (Male) |
| 5:54 | Build | House |
| 6:00 | Build | House |
| 6:20 | Build | Palisade Wall |
| 6:27 | Create | Villager (Male) |
| 6:27 | Create | Villager (Male) |
| 6:27 | Create | Villager (Male) |
| 6:28 | Create | Villager (Male) |
| 6:46 | Create | Villager (Male) |
| 6:46 | Create | Villager (Male) |
| 6:46 | Create | Villager (Male) |
| 7:04 | Create | Villager (Male) |
| 7:33 | Build | Farm |
| 8:20 | Build | Farm |
| 8:24 | Research | Feudal Age |
| 8:25 | Research | Loom |
| 8:27 | Create | Villager (Male) |
| 9:33 | Build | Barracks |
| 10:34 | Age | Feudal Age |
| 10:37 | Build | Market |
| 10:42 | Build | Blacksmith |
| 10:50 | Create | Unit 2550 |
| 10:52 | Research | Tech 1402 |
| 10:56 | Create | Unit 2550 |
| 11:35 | Research | Castle Age |
| 11:47 | Create | Unit 2550 |
| 11:50 | Research | Tech 1402 |
| 11:56 | Build | Barracks |
| 12:12 | Build | Farm |
| 12:14 | Create | Unit 2550 |
| 12:21 | Create | Villager (Male) |
| 12:26 | Create | Unit 2550 |
| 12:26 | Create | Unit 2550 |
| 12:31 | Research | Scale Mail Armor |
| 12:32 | Research | Scale Mail Armor |
| 12:39 | Create | Unit 2550 |
| 12:39 | Create | Unit 2550 |
| 12:54 | Build | Farm |
| 12:56 | Build | Farm |
| 13:14 | Build | House |
| 13:15 | Build | Palisade Wall |
| 13:19 | Create | Unit 2550 |
| 13:36 | Create | Villager (Male) |
| 13:43 | Research | Double-Bit Axe |
| 13:51 | Create | Unit 2550 |
| 13:52 | Create | Villager (Male) |
| 14:15 | Age | Castle Age |
| 14:42 | Research | Tech 1351 |
| 14:43 | Create | Unit 2550 |
| 14:43 | Create | Unit 2550 |
| 14:47 | Create | Villager (Male) |
| 15:06 | Create | Villager (Male) |
| 15:19 | Create | Unit 2550 |
| 15:38 | Build | Farm |
| 15:40 | Build | Farm |
| 15:48 | Create | Unit 2550 |
| 15:48 | Create | Unit 2550 |
| 16:02 | Build | Farm |
| 16:04 | Build | Farm |
| 16:13 | Create | Unit 2550 |
| 16:27 | Create | Unit 2550 |
| 16:27 | Create | Unit 2550 |
| 16:47 | Create | Unit 2550 |
| 16:47 | Create | Unit 2550 |
| 16:53 | Create | Villager (Male) |
| 16:59 | Build | Farm |
| 16:59 | Build | Farm |
| 17:06 | Create | Unit 2550 |
| 17:19 | Create | Unit 2550 |
| 17:45 | Create | Unit 2550 |
| 17:45 | Create | Unit 2550 |
| 17:51 | Create | Villager (Male) |
| 18:05 | Build | House |
| 18:13 | Create | Unit 2550 |
| 18:13 | Create | Unit 2550 |
| 18:24 | Create | Villager (Male) |
| 18:34 | Build | House |
| 18:35 | Build | House |
| 18:41 | Create | Unit 2550 |
| 18:58 | Create | Villager (Male) |
| 19:23 | Create | Villager (Male) |
| 19:29 | Research | Horse Collar |
| 19:35 | Research | Bow Saw |
| 19:51 | Create | Villager (Male) |
| 20:00 | Create | Villager (Male) |
| 20:08 | Create | Villager (Male) |
| 20:28 | Create | Villager (Male) |
| 20:38 | Create | Villager (Male) |
| 20:53 | Create | Villager (Male) |
| 21:03 | Build | Town Center |
| 21:18 | Create | Villager (Male) |
| 21:47 | Create | Villager (Male) |
| 22:08 | Create | Villager (Male) |
| 22:08 | Create | Villager (Male) |
| 22:11 | Build | Town Center |
| 22:12 | Create | Villager (Male) |
| 22:12 | Create | Villager (Male) |
| 22:13 | Create | Villager (Male) |
| 22:30 | Create | Villager (Male) |
| 22:31 | Create | Villager (Male) |
| 22:31 | Create | Villager (Male) |
| 22:48 | Create | Villager (Male) |
| 22:58 | Create | Villager (Male) |
| 23:05 | Create | Villager (Male) |
| 23:18 | Build | Farm |
| 23:19 | Build | Farm |
| 23:21 | Build | Farm |
| 23:21 | Create | Villager (Male) |
| 23:23 | Create | Villager (Male) |
| 23:23 | Create | Villager (Male) |
| 23:38 | Create | Villager (Male) |
| 23:38 | Create | Villager (Male) |
| 23:51 | Build | Town Center |
| 24:12 | Build | Farm |
| 24:12 | Build | Farm |
| 24:12 | Build | Farm |
| 24:13 | Build | Farm |
| 24:13 | Build | Farm |
| 24:32 | Build | Farm |
| 24:34 | Build | Farm |
| 24:40 | Create | Villager (Male) |
| 24:42 | Create | Villager (Male) |
| 24:43 | Create | Villager (Male) |
| 24:43 | Create | Villager (Male) |
| 24:44 | Create | Villager (Male) |
| 24:44 | Create | Villager (Male) |
| 24:48 | Research | Wheelbarrow |
Build order — Kiwi
First 150 of 460 actions detected
| 0:01 | Create | Villager (Male) |
| 0:01 | Create | Villager (Male) |
| 0:01 | Create | Villager (Male) |
| 0:02 | Build | House |
| 0:03 | Build | House |
| 0:05 | Create | Villager (Male) |
| 1:29 | Create | Villager (Male) |
| 1:49 | Create | Villager (Male) |
| 1:49 | Create | Villager (Male) |
| 2:07 | Build | Lumber Camp |
| 2:20 | Create | Villager (Male) |
| 2:49 | Create | Villager (Male) |
| 3:09 | Create | Villager (Male) |
| 3:35 | Create | Villager (Male) |
| 3:50 | Build | House |
| 3:56 | Create | Villager (Male) |
| 4:20 | Create | Villager (Male) |
| 4:25 | Build | House |
| 4:49 | Build | Palisade Wall |
| 4:52 | Build | Palisade Wall |
| 4:55 | Create | Villager (Male) |
| 4:57 | Build | Mill |
| 5:12 | Create | Villager (Male) |
| 5:34 | Build | Palisade Wall |
| 5:40 | Create | Villager (Male) |
| 6:06 | Create | Villager (Male) |
| 6:10 | Build | Palisade Wall |
| 6:23 | Create | Villager (Male) |
| 6:51 | Create | Villager (Male) |
| 7:14 | Build | House |
| 7:18 | Create | Villager (Male) |
| 7:40 | Create | Villager (Male) |
| 7:44 | Build | Mining Camp |
| 7:49 | Build | Mining Camp |
| 8:16 | Create | Villager (Male) |
| 8:29 | Build | Palisade Wall |
| 8:35 | Create | Villager (Male) |
| 8:52 | Build | Mining Camp |
| 9:01 | Create | Villager (Male) |
| 9:03 | Research | Loom |
| 9:33 | Research | Feudal Age |
| 9:46 | Build | Palisade Wall |
| 10:51 | Build | Palisade Wall |
| 10:59 | Create | Villager (Male) |
| 10:59 | Create | Villager (Male) |
| 11:37 | Build | House |
| 11:46 | Age | Feudal Age |
| 11:47 | Build | Market |
| 11:50 | Build | Blacksmith |
| 12:31 | Build | Palisade Wall |
| 12:32 | Research | Castle Age |
| 13:00 | Research | Double-Bit Axe |
| 13:38 | Research | Horse Collar |
| 13:41 | Build | Farm |
| 13:42 | Build | Farm |
| 13:44 | Build | Farm |
| 13:44 | Build | Farm |
| 13:50 | Build | House |
| 14:20 | Build | Palisade Wall |
| 14:36 | Build | Farm |
| 14:37 | Build | Farm |
| 14:44 | Build | Farm |
| 15:10 | Create | Villager (Male) |
| 15:13 | Create | Villager (Male) |
| 15:16 | Age | Castle Age |
| 15:28 | Build | Castle |
| 15:46 | Create | Villager (Male) |
| 15:48 | Build | Farm |
| 16:12 | Create | Villager (Male) |
| 16:13 | Research | Bow Saw |
| 16:48 | Build | Lumber Camp |
| 16:50 | Create | Villager (Male) |
| 17:16 | Create | Conquistador |
| 17:16 | Create | Conquistador |
| 17:20 | Create | Villager (Male) |
| 17:23 | Create | Villager (Male) |
| 17:29 | Build | Palisade Wall |
| 17:53 | Create | Conquistador |
| 18:18 | Create | Conquistador |
| 18:30 | Build | Barracks |
| 18:32 | Build | Farm |
| 18:32 | Build | Farm |
| 18:33 | Build | Farm |
| 18:33 | Build | Farm |
| 18:45 | Create | Villager (Male) |
| 18:51 | Research | Padded Archer Armor |
| 18:51 | Research | Padded Archer Armor |
| 18:51 | Create | Conquistador |
| 19:04 | Create | Villager (Male) |
| 19:29 | Create | Conquistador |
| 19:33 | Build | Stable |
| 20:00 | Create | Conquistador |
| 20:08 | Build | House |
| 20:11 | Build | House |
| 20:12 | Build | House |
| 20:17 | Build | House |
| 20:20 | Create | Conquistador |
| 20:23 | Build | House |
| 20:24 | Build | House |
| 20:25 | Build | Palisade Wall |
| 20:29 | Build | Palisade Wall |
| 20:38 | Build | House |
| 20:39 | Build | House |
| 20:41 | Build | House |
| 20:46 | Create | Conquistador |
| 20:55 | Build | Palisade Wall |
| 20:56 | Build | Palisade Wall |
| 22:23 | Create | Conquistador |
| 22:23 | Create | Conquistador |
| 22:37 | Build | Monastery |
| 23:11 | Build | Farm |
| 23:22 | Research | Husbandry |
| 23:37 | Create | Conquistador |
| 23:46 | Create | Villager (Male) |
| 24:30 | Build | Town Center |
| 24:33 | Create | Conquistador |
| 24:45 | Create | Villager (Male) |
| 25:15 | Create | Villager (Male) |
| 25:16 | Create | Villager (Male) |
| 25:21 | Create | Villager (Male) |
| 25:21 | Create | Villager (Male) |
| 25:43 | Create | Monk |
| 25:51 | Build | House |
| 25:56 | Build | Palisade Wall |
| 25:57 | Build | Palisade Wall |
| 25:59 | Build | Palisade Wall |
| 26:07 | Build | House |
| 26:21 | Build | House |
| 26:24 | Create | Villager (Male) |
| 26:24 | Create | Villager (Male) |
| 26:26 | Create | Conquistador |
| 26:34 | Build | House |
| 26:37 | Build | Stone Wall |
| 26:40 | Build | Stone Wall |
| 26:47 | Create | Villager (Male) |
| 26:56 | Build | Farm |
| 26:57 | Build | Farm |
| 26:57 | Build | Farm |
| 26:57 | Build | Farm |
| 27:22 | Create | Villager (Male) |
| 27:23 | Create | Villager (Male) |
| 27:23 | Create | Villager (Male) |
| 27:31 | Create | Conquistador |
| 27:46 | Create | Villager (Male) |
| 28:04 | Create | Villager (Male) |
| 28:04 | Create | Villager (Male) |
| 28:10 | Build | Palisade Gate |
| 28:12 | Build | Town Center |
| 28:22 | Build | House |
| 28:27 | Create | Conquistador |
Build order — Brotus
First 150 of 630 actions detected
| 0:02 | Create | Villager (Male) |
| 0:02 | Create | Villager (Male) |
| 0:03 | Build | House |
| 0:05 | Build | House |
| 0:08 | Create | Villager (Male) |
| 0:08 | Create | Villager (Male) |
| 0:08 | Create | Villager (Male) |
| 1:39 | Create | Villager (Male) |
| 1:39 | Create | Villager (Male) |
| 1:39 | Create | Villager (Male) |
| 1:57 | Create | Villager (Male) |
| 1:57 | Create | Villager (Male) |
| 2:15 | Create | Villager (Male) |
| 2:16 | Create | Villager (Male) |
| 2:16 | Create | Villager (Male) |
| 2:34 | Create | Villager (Male) |
| 2:34 | Create | Villager (Male) |
| 3:04 | Build | Lumber Camp |
| 3:10 | Create | Villager (Male) |
| 3:10 | Create | Villager (Male) |
| 3:27 | Create | Villager (Male) |
| 3:27 | Create | Villager (Male) |
| 3:41 | Create | Villager (Male) |
| 3:41 | Create | Villager (Male) |
| 4:12 | Build | House |
| 4:23 | Create | Villager (Male) |
| 4:38 | Create | Villager (Male) |
| 4:41 | Build | House |
| 4:57 | Create | Villager (Male) |
| 4:57 | Create | Villager (Male) |
| 5:17 | Build | Mining Camp |
| 5:26 | Create | Villager (Male) |
| 5:53 | Research | Loom |
| 6:33 | Build | Lumber Camp |
| 6:47 | Research | Feudal Age |
| 7:35 | Build | Barracks |
| 8:08 | Create | Villager (Male) |
| 8:31 | Build | House |
| 8:58 | Age | Feudal Age |
| 9:00 | Build | Archery Range |
| 9:02 | Build | Archery Range |
| 9:06 | Research | Double-Bit Axe |
| 9:16 | Create | Villager (Male) |
| 9:16 | Create | Villager (Male) |
| 9:52 | Create | Villager (Male) |
| 9:54 | Create | Archer |
| 9:56 | Create | Archer |
| 10:01 | Build | House |
| 10:05 | Build | Blacksmith |
| 10:19 | Create | Archer |
| 10:19 | Create | Archer |
| 10:20 | Create | Villager (Male) |
| 10:26 | Create | Villager (Male) |
| 10:29 | Build | House |
| 10:30 | Build | House |
| 10:41 | Create | Archer |
| 10:41 | Create | Archer |
| 11:07 | Create | Archer |
| 11:07 | Create | Archer |
| 11:14 | Create | Villager (Male) |
| 11:19 | Build | Mill |
| 11:23 | Create | Archer |
| 11:24 | Create | Archer |
| 11:24 | Create | Archer |
| 11:40 | Create | Villager (Male) |
| 11:44 | Build | House |
| 11:45 | Create | Archer |
| 11:45 | Create | Archer |
| 12:14 | Research | Fletching |
| 12:15 | Research | Fletching |
| 12:22 | Create | Archer |
| 12:23 | Create | Archer |
| 12:30 | Create | Villager (Male) |
| 12:35 | Build | Farm |
| 12:36 | Build | Farm |
| 12:38 | Build | Farm |
| 12:55 | Create | Archer |
| 12:56 | Create | Archer |
| 13:11 | Create | Villager (Male) |
| 13:12 | Create | Archer |
| 13:12 | Create | Archer |
| 13:19 | Build | Palisade Gate |
| 13:22 | Build | House |
| 13:40 | Create | Archer |
| 13:40 | Create | Archer |
| 13:46 | Create | Villager (Male) |
| 14:04 | Create | Villager (Male) |
| 14:07 | Create | Archer |
| 14:07 | Create | Archer |
| 14:29 | Create | Villager (Male) |
| 14:30 | Create | Archer |
| 14:31 | Build | Farm |
| 14:39 | Create | Archer |
| 14:41 | Create | Villager (Male) |
| 14:41 | Create | Villager (Male) |
| 14:51 | Build | Farm |
| 14:51 | Build | Farm |
| 15:15 | Create | Villager (Male) |
| 15:31 | Create | Villager (Male) |
| 15:32 | Create | Villager (Male) |
| 15:41 | Build | Farm |
| 15:44 | Build | Farm |
| 15:45 | Create | Villager (Male) |
| 16:01 | Create | Villager (Male) |
| 16:10 | Create | Villager (Male) |
| 16:28 | Create | Villager (Male) |
| 16:29 | Build | Farm |
| 16:30 | Build | Farm |
| 16:49 | Create | Villager (Male) |
| 16:50 | Build | Farm |
| 16:58 | Build | House |
| 17:01 | Build | Palisade Wall |
| 17:03 | Build | House |
| 17:16 | Build | Farm |
| 17:45 | Build | Farm |
| 17:52 | Create | Villager (Male) |
| 17:54 | Build | Farm |
| 17:56 | Build | House |
| 18:02 | Build | Farm |
| 18:30 | Build | Farm |
| 18:46 | Research | Castle Age |
| 18:46 | Research | Castle Age |
| 18:47 | Research | Castle Age |
| 18:51 | Build | Palisade Wall |
| 19:06 | Create | Archer |
| 19:34 | Create | Archer |
| 19:34 | Create | Archer |
| 19:44 | Create | Archer |
| 19:46 | Research | Gold Mining |
| 19:46 | Research | Gold Mining |
| 19:47 | Research | Horse Collar |
| 19:48 | Research | Horse Collar |
| 20:16 | Build | House |
| 20:25 | Build | Palisade Wall |
| 20:37 | Create | Villager (Male) |
| 20:38 | Create | Archer |
| 20:38 | Create | Archer |
| 21:10 | Create | Archer |
| 21:10 | Create | Archer |
| 21:23 | Create | Archer |
| 21:26 | Age | Castle Age |
| 21:30 | Research | Bodkin Arrow |
| 21:30 | Research | Bodkin Arrow |
| 21:31 | Research | Crossbowman (upgrade) |
| 21:31 | Research | Crossbowman (upgrade) |
| 21:37 | Build | University |
| 21:41 | Research | Bow Saw |
| 21:43 | Create | Villager (Male) |
| 21:51 | Create | Villager (Male) |
| 22:09 | Research | Ballistics |
Build order — TrickyMicky90
First 150 of 397 actions detected
| 0:02 | Create | Villager (Male) |
| 0:02 | Create | Villager (Male) |
| 0:03 | Create | Villager (Male) |
| 0:05 | Build | House |
| 0:12 | Build | House |
| 0:19 | Create | Villager (Male) |
| 1:12 | Create | Villager (Male) |
| 1:36 | Create | Villager (Male) |
| 1:55 | Build | Settlement |
| 1:57 | Create | Villager (Male) |
| 2:30 | Create | Villager (Male) |
| 3:02 | Create | Villager (Male) |
| 3:25 | Create | Villager (Male) |
| 4:14 | Create | Villager (Male) |
| 4:14 | Create | Villager (Male) |
| 4:14 | Create | Villager (Male) |
| 4:43 | Create | Villager (Male) |
| 4:57 | Create | Villager (Male) |
| 5:19 | Create | Villager (Male) |
| 5:31 | Build | Settlement |
| 5:36 | Create | Villager (Male) |
| 6:02 | Create | Villager (Male) |
| 6:50 | Build | House |
| 7:00 | Create | Villager (Male) |
| 7:26 | Create | Villager (Male) |
| 7:41 | Create | Villager (Male) |
| 8:12 | Build | Settlement |
| 8:39 | Create | Villager (Male) |
| 8:40 | Create | Villager (Male) |
| 8:41 | Research | Loom |
| 9:08 | Research | Feudal Age |
| 9:48 | Build | House |
| 10:04 | Create | Villager (Male) |
| 10:04 | Create | Villager (Male) |
| 11:50 | Age | Feudal Age |
| 11:53 | Build | Market |
| 11:55 | Build | Blacksmith |
| 12:04 | Research | Double-Bit Axe |
| 12:46 | Research | Castle Age |
| 13:35 | Create | Villager (Male) |
| 14:26 | Research | Horse Collar |
| 15:26 | Age | Castle Age |
| 15:30 | Build | Castle |
| 15:35 | Research | Fletching |
| 15:45 | Build | University |
| 15:48 | Create | Villager (Male) |
| 15:52 | Build | Farm |
| 15:57 | Build | Farm |
| 16:12 | Create | Villager (Male) |
| 16:19 | Build | Farm |
| 16:34 | Build | Settlement |
| 16:37 | Create | Unit 2579 |
| 16:38 | Create | Unit 2579 |
| 16:40 | Research | Bodkin Arrow |
| 17:07 | Create | Unit 2579 |
| 17:07 | Create | Unit 2579 |
| 17:11 | Create | Villager (Male) |
| 17:21 | Create | Unit 2579 |
| 17:21 | Create | Unit 2579 |
| 17:59 | Create | Unit 2579 |
| 17:59 | Create | Unit 2579 |
| 18:00 | Create | Villager (Male) |
| 18:01 | Create | Villager (Male) |
| 18:05 | Build | Farm |
| 18:05 | Build | Farm |
| 18:06 | Build | Farm |
| 18:06 | Build | Farm |
| 18:24 | Create | Unit 2579 |
| 18:24 | Create | Unit 2579 |
| 18:25 | Create | Villager (Male) |
| 18:25 | Create | Villager (Male) |
| 18:30 | Build | Farm |
| 18:31 | Build | Farm |
| 19:13 | Create | Unit 2579 |
| 19:13 | Create | Unit 2579 |
| 19:14 | Create | Villager (Male) |
| 19:18 | Build | Farm |
| 19:40 | Create | Villager (Male) |
| 19:52 | Create | Unit 2579 |
| 19:54 | Create | Villager (Male) |
| 20:11 | Create | Villager (Male) |
| 20:28 | Create | Villager (Male) |
| 20:37 | Research | Ballistics |
| 20:43 | Create | Villager (Male) |
| 20:57 | Build | Farm |
| 21:00 | Build | Farm |
| 21:02 | Build | Farm |
| 21:06 | Create | Unit 2579 |
| 21:07 | Create | Unit 2579 |
| 21:07 | Create | Villager (Male) |
| 21:30 | Create | Unit 2579 |
| 21:33 | Create | Villager (Male) |
| 22:03 | Create | Unit 2579 |
| 22:03 | Create | Unit 2579 |
| 22:04 | Create | Villager (Male) |
| 22:04 | Create | Villager (Male) |
| 22:44 | Create | Unit 2579 |
| 22:45 | Create | Unit 2579 |
| 22:46 | Create | Villager (Male) |
| 22:50 | Research | Wheelbarrow |
| 23:04 | Create | Unit 2579 |
| 23:04 | Create | Unit 2579 |
| 23:05 | Create | Villager (Male) |
| 23:20 | Create | Unit 2579 |
| 23:25 | Build | Farm |
| 23:26 | Build | Farm |
| 23:32 | Build | Settlement |
| 23:39 | Create | Unit 2579 |
| 23:40 | Create | Villager (Male) |
| 24:12 | Research | Padded Archer Armor |
| 24:19 | Create | Unit 2579 |
| 24:33 | Build | Town Center |
| 24:42 | Create | Unit 2579 |
| 24:43 | Create | Villager (Male) |
| 24:50 | Build | Town Center |
| 24:54 | Research | Heavy Plow |
| 24:56 | Research | Bow Saw |
| 25:03 | Create | Unit 2579 |
| 25:05 | Create | Villager (Male) |
| 25:31 | Research | Leather Archer Armor |
| 25:35 | Create | Villager (Male) |
| 25:36 | Create | Unit 2579 |
| 25:48 | Research | Heavy Plow |
| 25:57 | Create | Unit 2579 |
| 25:58 | Create | Villager (Male) |
| 26:36 | Create | Villager (Male) |
| 26:36 | Create | Villager (Male) |
| 26:39 | Build | Farm |
| 26:40 | Build | Farm |
| 26:40 | Build | Farm |
| 27:20 | Build | Farm |
| 27:22 | Build | Farm |
| 27:22 | Build | Farm |
| 27:22 | Build | Farm |
| 27:22 | Build | Farm |
| 27:23 | Build | Farm |
| 27:24 | Create | Villager (Male) |
| 27:24 | Create | Villager (Male) |
| 27:25 | Create | Villager (Male) |
| 27:25 | Create | Villager (Male) |
| 27:26 | Create | Unit 2579 |
| 27:26 | Create | Unit 2579 |
| 27:38 | Create | Villager (Male) |
| 27:43 | Create | Villager (Male) |
| 27:43 | Create | Villager (Male) |
| 27:50 | Create | Unit 2579 |
| 28:00 | Build | Farm |
| 28:51 | Create | Unit 2579 |
| 28:51 | Create | Unit 2579 |
| 28:51 | Create | Unit 2579 |
Build order — Flex
First 150 of 476 actions detected
| 0:03 | Create | Villager (Male) |
| 0:04 | Create | Villager (Male) |
| 0:04 | Create | Villager (Male) |
| 0:05 | Build | House |
| 0:06 | Build | House |
| 0:23 | Create | Villager (Male) |
| 1:27 | Create | Villager (Male) |
| 1:54 | Build | Lumber Camp |
| 1:55 | Create | Villager (Male) |
| 2:31 | Create | Villager (Male) |
| 2:59 | Create | Villager (Male) |
| 2:59 | Create | Villager (Male) |
| 3:00 | Create | Villager (Male) |
| 3:37 | Build | Mill |
| 3:50 | Create | Villager (Male) |
| 4:30 | Create | Villager (Male) |
| 4:30 | Create | Villager (Male) |
| 4:31 | Create | Villager (Male) |
| 4:59 | Build | House |
| 5:03 | Research | Loom |
| 5:03 | Research | Loom |
| 5:38 | Create | Villager (Male) |
| 5:39 | Create | Villager (Male) |
| 5:39 | Create | Villager (Male) |
| 5:39 | Create | Villager (Male) |
| 6:09 | Create | Villager (Male) |
| 6:09 | Create | Villager (Male) |
| 6:18 | Create | Villager (Male) |
| 6:19 | Create | Villager (Male) |
| 6:50 | Build | House |
| 6:52 | Build | House |
| 7:35 | Research | Feudal Age |
| 7:56 | Create | Villager (Male) |
| 7:56 | Create | Villager (Male) |
| 8:24 | Build | Barracks |
| 8:40 | Create | Villager (Male) |
| 9:00 | Build | House |
| 9:29 | Create | Villager (Male) |
| 9:30 | Create | Villager (Male) |
| 9:54 | Age | Feudal Age |
| 10:01 | Build | House |
| 10:21 | Create | Villager (Male) |
| 10:31 | Build | Stable |
| 10:38 | Build | Palisade Wall |
| 10:40 | Build | Palisade Wall |
| 10:51 | Research | Double-Bit Axe |
| 11:24 | Create | Scout Cavalry |
| 11:44 | Build | House |
| 11:47 | Build | Palisade Wall |
| 11:48 | Build | Palisade Wall |
| 11:49 | Build | Palisade Wall |
| 11:53 | Create | Villager (Male) |
| 12:02 | Research | Horse Collar |
| 12:04 | Create | Scout Cavalry |
| 12:04 | Create | Scout Cavalry |
| 12:17 | Create | Villager (Male) |
| 12:17 | Create | Villager (Male) |
| 12:20 | Create | Scout Cavalry |
| 12:46 | Create | Villager (Male) |
| 12:59 | Create | Scout Cavalry |
| 13:05 | Create | Villager (Male) |
| 13:14 | Create | Villager (Male) |
| 13:16 | Build | Farm |
| 13:17 | Build | Farm |
| 13:17 | Build | Farm |
| 13:17 | Build | Farm |
| 13:35 | Build | Blacksmith |
| 13:38 | Create | Villager (Male) |
| 13:49 | Create | Scout Cavalry |
| 13:59 | Build | Farm |
| 14:01 | Build | Farm |
| 14:29 | Create | Villager (Male) |
| 14:33 | Build | Farm |
| 14:33 | Build | Farm |
| 14:33 | Build | Farm |
| 14:34 | Build | Farm |
| 14:55 | Create | Villager (Male) |
| 15:01 | Build | Farm |
| 15:01 | Build | Farm |
| 15:13 | Build | Mining Camp |
| 15:33 | Research | Forging |
| 16:11 | Create | Scout Cavalry |
| 16:11 | Create | Scout Cavalry |
| 16:26 | Create | Villager (Male) |
| 16:26 | Create | Villager (Male) |
| 16:30 | Create | Scout Cavalry |
| 16:55 | Create | Villager (Male) |
| 16:57 | Build | Farm |
| 16:58 | Build | Farm |
| 17:03 | Build | Farm |
| 17:18 | Build | Lumber Camp |
| 17:28 | Build | Lumber Camp |
| 17:33 | Create | Villager (Male) |
| 17:36 | Research | Bloodlines |
| 18:02 | Create | Villager (Male) |
| 18:31 | Create | Villager (Male) |
| 18:50 | Create | Scout Cavalry |
| 18:54 | Create | Villager (Male) |
| 19:01 | Build | Farm |
| 19:08 | Build | Farm |
| 19:12 | Build | Farm |
| 19:15 | Create | Villager (Male) |
| 19:22 | Research | Scale Barding Armor |
| 19:27 | Build | House |
| 20:09 | Create | Spearman |
| 20:09 | Create | Spearman |
| 20:20 | Build | Palisade Wall |
| 20:24 | Build | Palisade Wall |
| 20:24 | Build | Palisade Wall |
| 20:30 | Build | Palisade Wall |
| 20:59 | Build | Lumber Camp |
| 21:06 | Create | Scout Cavalry |
| 21:10 | Create | Villager (Male) |
| 21:36 | Build | House |
| 21:40 | Build | House |
| 23:09 | Research | Castle Age |
| 23:09 | Research | Castle Age |
| 23:26 | Create | Villager (Male) |
| 25:18 | Create | Villager (Male) |
| 25:41 | Build | Stable |
| 25:49 | Age | Castle Age |
| 25:56 | Research | Chain Barding Armor |
| 25:56 | Research | Iron Casting |
| 25:59 | Create | Knight |
| 25:59 | Create | Knight |
| 26:05 | Create | Villager (Male) |
| 26:12 | Build | Town Center |
| 26:24 | Create | Villager (Male) |
| 26:36 | Build | Town Center |
| 26:42 | Create | Knight |
| 26:42 | Create | Knight |
| 26:46 | Create | Villager (Male) |
| 27:07 | Create | Villager (Male) |
| 27:17 | Build | Mining Camp |
| 27:23 | Create | Villager (Male) |
| 27:30 | Create | Villager (Male) |
| 27:31 | Create | Villager (Male) |
| 27:40 | Build | House |
| 27:41 | Build | House |
| 28:07 | Create | Villager (Male) |
| 28:08 | Create | Villager (Male) |
| 28:08 | Create | Villager (Male) |
| 28:09 | Create | Villager (Male) |
| 28:42 | Create | Villager (Male) |
| 28:42 | Create | Villager (Male) |
| 28:43 | Create | Villager (Male) |
| 29:05 | Create | Villager (Male) |
| 29:06 | Create | Villager (Male) |
| 29:27 | Create | Villager (Male) |
| 29:27 | Create | Villager (Male) |
Build order — Kaydos
First 150 of 539 actions detected
| 0:02 | Create | Villager (Male) |
| 0:02 | Create | Villager (Male) |
| 0:03 | Build | House |
| 0:04 | Build | House |
| 0:08 | Create | Villager (Male) |
| 0:09 | Create | Villager (Male) |
| 0:09 | Create | Villager (Male) |
| 1:20 | Research | Loom |
| 2:08 | Create | Villager (Male) |
| 2:28 | Create | Villager (Male) |
| 2:53 | Create | Villager (Male) |
| 3:08 | Create | Villager (Male) |
| 3:36 | Create | Villager (Male) |
| 3:46 | Build | Lumber Camp |
| 3:57 | Create | Villager (Male) |
| 4:13 | Create | Villager (Male) |
| 4:24 | Build | House |
| 4:35 | Create | Villager (Male) |
| 4:55 | Create | Villager (Male) |
| 5:49 | Create | Villager (Male) |
| 6:07 | Create | Villager (Male) |
| 6:24 | Build | House |
| 6:29 | Create | Villager (Male) |
| 6:48 | Build | Mill |
| 7:12 | Research | Feudal Age |
| 8:15 | Build | Barracks |
| 8:27 | Create | Villager (Male) |
| 9:03 | Build | Mining Camp |
| 9:08 | Build | Mining Camp |
| 9:14 | Create | Militia |
| 9:14 | Create | Militia |
| 9:15 | Create | Militia |
| 9:22 | Create | Villager (Male) |
| 9:22 | Age | Feudal Age |
| 9:47 | Build | Watch Tower |
| 9:52 | Research | Man-at-Arms (upgrade) |
| 9:53 | Create | Villager (Male) |
| 10:10 | Build | Palisade Wall |
| 10:11 | Build | Palisade Wall |
| 10:12 | Build | Palisade Wall |
| 11:15 | Create | Villager (Male) |
| 11:21 | Create | Militia |
| 11:36 | Create | Villager (Male) |
| 11:44 | Create | Militia |
| 11:54 | Build | Watch Tower |
| 12:08 | Create | Villager (Male) |
| 12:37 | Create | Spearman |
| 12:42 | Build | House |
| 12:59 | Create | Villager (Male) |
| 13:19 | Create | Villager (Male) |
| 13:30 | Build | Archery Range |
| 13:54 | Create | Villager (Male) |
| 14:01 | Create | Militia |
| 14:20 | Create | Villager (Male) |
| 14:35 | Create | Villager (Male) |
| 14:49 | Build | House |
| 14:51 | Create | Villager (Male) |
| 15:06 | Create | Archer |
| 15:11 | Build | House |
| 15:14 | Research | Double-Bit Axe |
| 15:18 | Research | Horse Collar |
| 15:44 | Create | Villager (Male) |
| 15:58 | Build | House |
| 16:01 | Create | Archer |
| 16:14 | Create | Villager (Male) |
| 16:22 | Build | Palisade Wall |
| 16:23 | Build | Palisade Wall |
| 16:24 | Build | Palisade Wall |
| 16:31 | Create | Villager (Male) |
| 16:57 | Create | Villager (Male) |
| 17:16 | Create | Villager (Male) |
| 17:28 | Build | Palisade Wall |
| 17:42 | Create | Villager (Male) |
| 17:46 | Build | Lumber Camp |
| 18:05 | Create | Villager (Male) |
| 18:14 | Create | Villager (Male) |
| 18:39 | Create | Villager (Male) |
| 19:11 | Build | Mining Camp |
| 19:31 | Create | Villager (Male) |
| 20:07 | Create | Villager (Male) |
| 20:42 | Create | Villager (Male) |
| 20:57 | Create | Villager (Male) |
| 21:12 | Build | Lumber Camp |
| 21:33 | Create | Villager (Male) |
| 21:57 | Create | Villager (Male) |
| 22:26 | Build | Mining Camp |
| 22:27 | Create | Villager (Male) |
| 22:56 | Create | Villager (Male) |
| 22:59 | Build | Farm |
| 23:04 | Build | Farm |
| 23:06 | Build | Farm |
| 23:07 | Build | Farm |
| 23:09 | Build | Farm |
| 23:16 | Create | Villager (Male) |
| 23:26 | Build | Farm |
| 23:42 | Build | Stone Wall |
| 23:51 | Create | Villager (Male) |
| 24:02 | Build | Stone Wall |
| 24:04 | Create | Villager (Male) |
| 24:22 | Build | Farm |
| 24:28 | Build | Stone Wall |
| 24:35 | Build | Gate |
| 24:37 | Build | Stone Wall |
| 24:38 | Create | Villager (Male) |
| 25:04 | Create | Villager (Male) |
| 25:07 | Build | Farm |
| 25:22 | Create | Villager (Male) |
| 25:29 | Build | Stone Wall |
| 25:33 | Build | Stone Wall |
| 25:34 | Create | Villager (Male) |
| 25:57 | Create | Villager (Male) |
| 26:16 | Build | Stone Wall |
| 26:17 | Create | Villager (Male) |
| 26:22 | Build | Stone Wall |
| 26:23 | Build | Stone Wall |
| 26:31 | Create | Villager (Male) |
| 26:39 | Build | Mill |
| 26:39 | Build | Farm |
| 26:40 | Build | Farm |
| 26:40 | Build | Farm |
| 26:40 | Build | Farm |
| 26:40 | Build | Farm |
| 26:44 | Build | Farm |
| 26:45 | Build | Farm |
| 26:45 | Build | Farm |
| 26:45 | Build | Farm |
| 26:45 | Build | Farm |
| 26:49 | Research | Wheelbarrow |
| 27:02 | Build | Stone Wall |
| 27:10 | Build | Stone Wall |
| 27:12 | Create | Villager (Male) |
| 27:20 | Build | House |
| 27:30 | Build | Stone Wall |
| 27:38 | Create | Villager (Male) |
| 27:47 | Build | Stone Wall |
| 27:48 | Build | Stone Wall |
| 27:59 | Build | Stone Wall |
| 28:09 | Build | Farm |
| 28:13 | Create | Villager (Male) |
| 28:27 | Build | Farm |
| 28:32 | Build | Farm |
| 28:33 | Build | Farm |
| 28:51 | Build | Market |
| 29:14 | Create | Villager (Male) |
| 29:59 | Research | Castle Age |
| 30:26 | Build | House |
| 30:47 | Build | Palisade Wall |
| 30:54 | Build | Palisade Wall |
| 30:58 | Build | Lumber Camp |
| 31:09 | Build | Palisade Wall |
Build order — Frédéric Chopin
First 150 of 537 actions detected
| 0:00 | Create | Villager (Male) |
| 0:01 | Create | Villager (Male) |
| 0:02 | Create | Villager (Male) |
| 0:05 | Build | House |
| 0:07 | Build | House |
| 0:25 | Create | Villager (Male) |
| 0:35 | Build | Mill |
| 1:30 | Create | Villager (Male) |
| 2:06 | Create | Villager (Male) |
| 2:25 | Create | Villager (Male) |
| 2:49 | Create | Villager (Male) |
| 3:01 | Create | Villager (Male) |
| 3:11 | Build | House |
| 3:33 | Create | Villager (Male) |
| 3:51 | Create | Villager (Male) |
| 4:18 | Create | Villager (Male) |
| 4:18 | Create | Villager (Male) |
| 4:19 | Create | Villager (Male) |
| 4:50 | Create | Villager (Male) |
| 5:05 | Build | Lumber Camp |
| 5:11 | Create | Villager (Male) |
| 5:18 | Create | Villager (Male) |
| 5:18 | Create | Villager (Male) |
| 5:33 | Build | House |
| 5:50 | Create | Villager (Male) |
| 6:18 | Create | Villager (Male) |
| 6:18 | Create | Villager (Male) |
| 6:28 | Create | Villager (Male) |
| 6:41 | Research | Loom |
| 6:49 | Create | Villager (Male) |
| 6:56 | Create | Villager (Male) |
| 7:02 | Create | Villager (Male) |
| 7:11 | Research | Feudal Age |
| 7:12 | Research | Feudal Age |
| 7:53 | Build | Barracks |
| 8:51 | Create | Villager (Male) |
| 9:21 | Age | Feudal Age |
| 9:23 | Build | Stable |
| 9:30 | Create | Spearman |
| 9:37 | Research | Double-Bit Axe |
| 9:38 | Research | Horse Collar |
| 9:38 | Research | Horse Collar |
| 10:18 | Create | Villager (Male) |
| 10:19 | Create | Scout Cavalry |
| 10:25 | Build | House |
| 10:27 | Create | Scout Cavalry |
| 11:11 | Create | Scout Cavalry |
| 11:36 | Create | Scout Cavalry |
| 11:37 | Create | Villager (Male) |
| 11:38 | Create | Villager (Male) |
| 11:55 | Create | Scout Cavalry |
| 12:06 | Create | Scout Cavalry |
| 12:06 | Create | Villager (Male) |
| 12:14 | Create | Villager (Male) |
| 12:16 | Create | Villager (Male) |
| 12:20 | Build | Farm |
| 12:21 | Build | Farm |
| 12:21 | Build | Farm |
| 12:21 | Build | Farm |
| 12:21 | Build | Farm |
| 12:22 | Build | Farm |
| 13:02 | Build | Farm |
| 13:02 | Build | Farm |
| 13:03 | Build | Farm |
| 13:03 | Build | Farm |
| 13:05 | Build | House |
| 13:12 | Build | Stable |
| 13:27 | Build | House |
| 13:46 | Create | Scout Cavalry |
| 14:11 | Build | Blacksmith |
| 14:22 | Create | Scout Cavalry |
| 14:22 | Create | Villager (Male) |
| 14:29 | Create | Scout Cavalry |
| 14:30 | Create | Villager (Male) |
| 14:42 | Research | Scale Barding Armor |
| 14:47 | Build | Mining Camp |
| 14:50 | Create | Scout Cavalry |
| 15:03 | Build | Farm |
| 15:07 | Build | House |
| 15:10 | Create | Villager (Male) |
| 15:20 | Build | Farm |
| 15:24 | Create | Scout Cavalry |
| 15:50 | Create | Scout Cavalry |
| 15:51 | Create | Villager (Male) |
| 16:02 | Build | Farm |
| 16:18 | Build | Farm |
| 16:20 | Research | Bloodlines |
| 16:48 | Create | Scout Cavalry |
| 17:39 | Create | Scout Cavalry |
| 17:39 | Create | Villager (Male) |
| 17:40 | Create | Scout Cavalry |
| 17:44 | Build | House |
| 17:58 | Create | Villager (Male) |
| 18:08 | Build | Market |
| 18:15 | Create | Villager (Male) |
| 18:19 | Build | House |
| 18:21 | Build | House |
| 18:22 | Build | House |
| 18:28 | Create | Scout Cavalry |
| 18:28 | Create | Scout Cavalry |
| 18:45 | Build | Farm |
| 18:47 | Build | Farm |
| 18:56 | Research | Wheelbarrow |
| 19:09 | Research | Forging |
| 20:45 | Create | Villager (Male) |
| 20:51 | Research | Castle Age |
| 21:52 | Build | Stable |
| 23:16 | Create | Villager (Male) |
| 23:21 | Research | Gold Mining |
| 23:31 | Age | Castle Age |
| 23:38 | Build | Town Center |
| 23:49 | Build | Town Center |
| 23:51 | Create | Villager (Male) |
| 23:51 | Create | Villager (Male) |
| 23:53 | Research | Bow Saw |
| 24:06 | Research | Light Cavalry (upgrade) |
| 24:18 | Research | Husbandry |
| 24:18 | Research | Husbandry |
| 24:46 | Create | Villager (Male) |
| 24:48 | Build | Farm |
| 24:57 | Build | House |
| 24:58 | Build | House |
| 25:02 | Create | Villager (Male) |
| 25:02 | Create | Villager (Male) |
| 25:06 | Create | Villager (Male) |
| 25:06 | Create | Villager (Male) |
| 26:08 | Create | Villager (Male) |
| 26:15 | Create | Villager (Male) |
| 26:15 | Create | Villager (Male) |
| 26:16 | Create | Villager (Male) |
| 26:17 | Build | Farm |
| 26:18 | Build | Farm |
| 26:19 | Build | Farm |
| 26:20 | Build | Farm |
| 26:21 | Create | Villager (Male) |
| 26:22 | Create | Villager (Male) |
| 26:23 | Create | Villager (Male) |
| 26:25 | Build | Farm |
| 26:28 | Create | Villager (Male) |
| 27:02 | Create | Villager (Male) |
| 27:07 | Create | Villager (Male) |
| 27:11 | Create | Villager (Male) |
| 27:11 | Create | Villager (Male) |
| 27:20 | Create | Shrivamsha Rider ×3 |
| 27:24 | Create | Villager (Male) |
| 27:30 | Build | Town Center |
| 27:43 | Create | Villager (Male) |
| 27:45 | Create | Villager (Male) |
| 27:51 | Build | Farm |
| 27:53 | Build | House |
Match timeline
| 4:49 | Kiwi · wall_segment Palisade Wall x2 |
| 4:52 | Kiwi · wall_segment Palisade Wall x5 |
| 5:34 | Kiwi · wall_segment Palisade Wall x4 |
| 6:10 | Kiwi · wall_segment Palisade Wall x10 |
| 6:20 | Timbrhoggvandi · wall_segment Palisade Wall x2 |
| 7:35 | Brotus · first_building Barracks |
| 7:53 | Frédéric Chopin · first_building Barracks |
| 8:12 | [MLT] Spot the Samurai · first_building Barracks |
| 8:15 | Kaydos · first_building Barracks |
| 8:24 | Flex · first_building Barracks |
| 8:29 | Kiwi · wall_segment Palisade Wall x9 |
| 8:58 | Brotus · age_up feudal |
| 9:00 | Brotus · first_building Archery Range |
| 9:21 | Frédéric Chopin · age_up feudal |
| 9:22 | Kaydos · age_up feudal |
| 9:23 | Frédéric Chopin · first_building Stable |
| 9:33 | Timbrhoggvandi · first_building Barracks |
| 9:46 | Kiwi · wall_segment Palisade Wall x9 |
| 9:54 | Flex · age_up feudal |
| 10:10 | Kaydos · wall_segment Palisade Wall x1 |
| 10:11 | Kaydos · wall_segment Palisade Wall x1 |
| 10:12 | Kaydos · wall_segment Palisade Wall x1 |
| 10:14 | [MLT] Spot the Samurai · age_up feudal |
| 10:31 | Flex · first_building Stable |
| 10:34 | Timbrhoggvandi · age_up feudal |
| 10:38 | Flex · wall_segment Palisade Wall x1 |
| 10:40 | Flex · wall_segment Palisade Wall x1 |
| 10:51 | Kiwi · wall_segment Palisade Wall x6 |
| 10:54 | [MLT] Spot the Samurai · first_building Archery Range |
| 11:31 | [MLT] Spot the Samurai · wall_segment Palisade Wall x11 |
| 11:46 | Kiwi · age_up feudal |
| 11:46 | Timbrhoggvandi · first_market_sell 100 stone |
| 11:47 | Timbrhoggvandi · first_market_buy 100 food |
| 11:47 | Flex · wall_segment Palisade Wall x1 |
| 11:48 | Flex · wall_segment Palisade Wall x1 |
| 11:49 | Flex · wall_segment Palisade Wall x1 |
| 11:50 | TrickyMicky90 · age_up feudal |
| 12:31 | Kiwi · wall_segment Palisade Wall x3 |
| 13:15 | Timbrhoggvandi · wall_segment Palisade Wall x1 |
| 13:22 | [MLT] Spot the Samurai · wall_segment Stone Wall x1 |
| 13:30 | Kaydos · first_building Archery Range |
| 14:15 | Timbrhoggvandi · age_up castle |
| 14:20 | Kiwi · wall_segment Palisade Wall x6 |
| 15:16 | Kiwi · age_up castle |
| 15:26 | TrickyMicky90 · age_up castle |
| 15:28 | Kiwi · first_building Castle |
| 15:30 | TrickyMicky90 · first_building Castle |
| 16:22 | Kaydos · wall_segment Palisade Wall x1 |
| 16:23 | Kaydos · wall_segment Palisade Wall x1 |
| 16:24 | Kaydos · wall_segment Palisade Wall x1 |
| 17:01 | Brotus · wall_segment Palisade Wall x1 |
| 17:28 | Kaydos · wall_segment Palisade Wall x2 |
| 17:29 | Kiwi · wall_segment Palisade Wall x9 |
| 18:30 | Kiwi · first_building Barracks |
| 18:49 | Kiwi · first_market_sell 100 stone |
| 18:49 | Kiwi · first_market_buy 100 food |
| 18:51 | Brotus · wall_segment Palisade Wall x11 |
| 19:33 | Kiwi · first_building Stable |
| 20:20 | Flex · wall_segment Palisade Wall x1 |
| 20:24 | Flex · wall_segment Palisade Wall x1 |
| 20:24 | Flex · wall_segment Palisade Wall x1 |
| 20:25 | Brotus · wall_segment Palisade Wall x1 |
| 20:25 | Kiwi · wall_segment Palisade Wall x1 |
| 20:29 | Kiwi · wall_segment Palisade Wall x1 |
| 20:30 | Flex · wall_segment Palisade Wall x1 |
| 20:49 | Frédéric Chopin · first_market_buy 100 food |
| 20:50 | Frédéric Chopin · first_market_sell 500 wood |
| 20:55 | Kiwi · wall_segment Palisade Wall x1 |
| 20:56 | Kiwi · wall_segment Palisade Wall x1 |
| 21:26 | Brotus · age_up castle |
| 21:48 | [MLT] Spot the Samurai · first_market_buy 100 food |
| 21:49 | [MLT] Spot the Samurai · first_market_sell 100 stone |
| 22:37 | Kiwi · first_building Monastery |
| 23:03 | [MLT] Spot the Samurai · wall_segment Stone Wall x10 |
| 23:26 | [MLT] Spot the Samurai · wall_segment Stone Wall x6 |
| 23:31 | Frédéric Chopin · age_up castle |
| 23:42 | Kaydos · wall_segment Stone Wall x8 |
| 24:02 | Kaydos · wall_segment Stone Wall x4 |
| 24:28 | Kaydos · wall_segment Stone Wall x18 |
| 24:37 | Kaydos · wall_segment Stone Wall x8 |
| 25:29 | Kaydos · wall_segment Stone Wall x5 |
| 25:33 | Kaydos · wall_segment Stone Wall x5 |
| 25:49 | Flex · age_up castle |
| 25:55 | [MLT] Spot the Samurai · age_up castle |
| 25:56 | Kiwi · wall_segment Palisade Wall x1 |
| 25:57 | Kiwi · wall_segment Palisade Wall x1 |
| 25:59 | Kiwi · wall_segment Palisade Wall x1 |
| 26:16 | Kaydos · wall_segment Stone Wall x8 |
| 26:22 | Kaydos · wall_segment Stone Wall x1 |
| 26:23 | Kaydos · wall_segment Stone Wall x1 |
| 26:37 | Kiwi · wall_segment Stone Wall x7 |
| 26:40 | Kiwi · wall_segment Stone Wall x3 |
| 27:02 | Kaydos · wall_segment Stone Wall x14 |
| 27:10 | Kaydos · wall_segment Stone Wall x11 |
| 27:25 | [MLT] Spot the Samurai · wall_segment Stone Wall x17 |
| 27:30 | Kaydos · wall_segment Stone Wall x9 |
| 27:43 | [MLT] Spot the Samurai · first_building Castle |
| 27:47 | Kaydos · wall_segment Stone Wall x1 |
| 27:48 | Kaydos · wall_segment Stone Wall x1 |
| 27:57 | Timbrhoggvandi · wall_segment Palisade Wall x1 |
| 27:59 | Kaydos · wall_segment Stone Wall x5 |
| 28:32 | Timbrhoggvandi · first_building Archery Range |
| 29:36 | Timbrhoggvandi · first_building Castle |
| 29:57 | Kaydos · first_market_buy 100 food |
| 30:47 | Kaydos · wall_segment Palisade Wall x1 |
| 30:54 | Kaydos · wall_segment Palisade Wall x7 |
| 31:09 | Kaydos · wall_segment Palisade Wall x1 |
| 31:10 | Kaydos · wall_segment Palisade Wall x1 |
| 31:14 | Kaydos · wall_segment Palisade Wall x1 |
| 31:15 | Kaydos · wall_segment Palisade Wall x1 |
| 31:17 | Kaydos · wall_segment Palisade Wall x1 |
| 31:45 | TrickyMicky90 · first_building Monastery |
| 32:46 | Kaydos · age_up castle |
| 33:00 | Frédéric Chopin · wall_segment Stone Wall x1 |
| 33:01 | Frédéric Chopin · wall_segment Stone Wall x9 |
| 33:03 | Frédéric Chopin · wall_segment Stone Wall x4 |
| 33:05 | Frédéric Chopin · wall_segment Stone Wall x13 |
| 33:43 | Kaydos · first_building Monastery |
| 34:00 | [MLT] Spot the Samurai · wall_segment Stone Wall x1 |
| 34:01 | [MLT] Spot the Samurai · wall_segment Stone Wall x1 |
| 34:04 | [MLT] Spot the Samurai · wall_segment Stone Wall x10 |
| 35:06 | Frédéric Chopin · wall_segment Stone Wall x13 |
| 35:21 | [MLT] Spot the Samurai · wall_segment Stone Wall x15 |
| 36:00 | Timbrhoggvandi · age_up imperial |
| 36:07 | Flex · first_building Castle |
| 36:27 | [MLT] Spot the Samurai · wall_segment Stone Wall x9 |
| 36:54 | Brotus · first_building Castle |
| 37:16 | Brotus · first_building Siege Workshop |
| 37:19 | [MLT] Spot the Samurai · wall_segment Stone Wall x15 |
| 37:37 | Frédéric Chopin · first_building Monastery |
| 38:10 | Kaydos · first_building Castle |
| 38:46 | Frédéric Chopin · wall_segment Stone Wall x1 |
| 39:16 | Frédéric Chopin · first_building Castle |
| 40:31 | Kiwi · age_up imperial |
| 40:43 | Brotus · age_up imperial |
| 40:54 | Frédéric Chopin · first_building Archery Range |
| 41:03 | Timbrhoggvandi · tribute_sent a jugador 2 |
| 41:03 | Timbrhoggvandi · tribute_sent a jugador 3 |
| 41:03 | Timbrhoggvandi · tribute_sent a jugador 4 |
| 41:03 | Timbrhoggvandi · tribute_sent a jugador 5 |
| 41:04 | Timbrhoggvandi · tribute_sent a jugador 6 |
| 41:04 | Timbrhoggvandi · tribute_sent a jugador 7 |
| 41:04 | Timbrhoggvandi · tribute_sent a jugador 8 |
| 41:06 | [MLT] Spot the Samurai · wall_segment Stone Wall x4 |
| 41:34 | Brotus · first_market_sell 100 wood |
| 42:02 | Timbrhoggvandi · tribute_sent a jugador 2 |
| 42:02 | Timbrhoggvandi · tribute_sent a jugador 3 |
| 42:02 | Timbrhoggvandi · tribute_sent a jugador 4 |
| 42:02 | Timbrhoggvandi · tribute_sent a jugador 5 |
| 42:02 | Timbrhoggvandi · tribute_sent a jugador 6 |
| 42:02 | Timbrhoggvandi · tribute_sent a jugador 7 |
| 42:02 | Timbrhoggvandi · tribute_sent a jugador 8 |
| 42:07 | TrickyMicky90 · age_up imperial |
| 42:31 | Kaydos · wall_segment Stone Wall x4 |
| 42:33 | Kaydos · wall_segment Stone Wall x1 |
| 42:38 | [MLT] Spot the Samurai · wall_segment Stone Wall x4 |
| 43:08 | [MLT] Spot the Samurai · first_building Monastery |
| 43:28 | Frédéric Chopin · age_up imperial |
| 44:32 | [MLT] Spot the Samurai · age_up imperial |
| 45:08 | Kaydos · first_building Stable |
| 45:54 | Kaydos · age_up imperial |
| 46:09 | Kaydos · first_building Siege Workshop |
| 46:12 | Flex · age_up imperial |
| 46:45 | Kaydos · first_market_sell 500 food |
| 48:39 | TrickyMicky90 · first_market_sell 500 food |
| 48:44 | Kiwi · first_building Siege Workshop |
| 49:06 | Timbrhoggvandi · tribute_sent a jugador 2 |
| 49:06 | Timbrhoggvandi · tribute_sent a jugador 3 |
| 49:06 | Timbrhoggvandi · tribute_sent a jugador 4 |
| 49:06 | Timbrhoggvandi · tribute_sent a jugador 5 |
| 49:06 | Timbrhoggvandi · tribute_sent a jugador 6 |
| 49:06 | Timbrhoggvandi · tribute_sent a jugador 7 |
| 49:06 | Timbrhoggvandi · tribute_sent a jugador 8 |
| 51:14 | Kaydos · tribute_sent a jugador 1 |
| 51:14 | Kaydos · tribute_sent a jugador 2 |
| 51:14 | Kaydos · tribute_sent a jugador 3 |
| 51:14 | Kaydos · tribute_sent a jugador 4 |
| 51:14 | Kaydos · tribute_sent a jugador 5 |
| 51:14 | Kaydos · tribute_sent a jugador 7 |
| 51:14 | Kaydos · tribute_sent a jugador 8 |
| 51:19 | Flex · first_market_sell 500 food |
| 51:51 | Kaydos · tribute_sent a jugador 1 |
| 51:51 | Kaydos · tribute_sent a jugador 2 |
| 51:51 | Kaydos · tribute_sent a jugador 3 |
| 51:51 | Kaydos · tribute_sent a jugador 4 |
| 51:51 | Kaydos · tribute_sent a jugador 5 |
| 51:51 | Kaydos · tribute_sent a jugador 7 |
| 51:51 | Kaydos · tribute_sent a jugador 8 |
| 52:32 | Timbrhoggvandi · tribute_sent a jugador 2 |
| 52:32 | Timbrhoggvandi · tribute_sent a jugador 3 |
| 52:32 | Timbrhoggvandi · tribute_sent a jugador 4 |
| 52:32 | Timbrhoggvandi · tribute_sent a jugador 5 |
| 52:32 | Timbrhoggvandi · tribute_sent a jugador 6 |
| 52:32 | Timbrhoggvandi · tribute_sent a jugador 7 |
| 52:32 | Timbrhoggvandi · tribute_sent a jugador 8 |
| 52:45 | [MLT] Spot the Samurai · first_building Stable |
| 53:29 | TrickyMicky90 · first_market_buy 500 stone |
| 54:52 | Kiwi · resign |
[ AI ANALYSIS · 1 CREDIT ]
What really happened in this match?
Wolo.gg analyzes every decision: build order, eco, micro, common mistakes by bracket. Personalized analysis on WhatsApp or Discord in 30 seconds.
Civ guide
Lithuanians
Perfil
[MLT] Spot the Samurai